Fleur, neutral female sylph Wizard ---- ---- .. ..| ------------ ..- ..| .....<.....| ..| ..| #|..........| .| ..| ##...........| -.| .|# # --------.--- |.--+- .|)## |.... .|# - -----..- -.|% |...@.a..+ |.|## --+--@...| |.|# ----.-----%|# +.......|# |.....(.-% | ---- -----+---------.....{.| |...............................| --------------------------------- Fleur the Thaumaturge Experience level: 6 Strength: 8 Dexterity: 11 Constitution: 12 Intelligence: 19 Wisdom: 14 Charisma: 11 Health: 0(43) Energy: 100(105) Def: 1 Gold: 1141 Moves: 2995 Dungeon seed: mKV4M3a9geS2kOwZ Game ID: Fleur_1524819330 Your Inventory: Coins $ - 1141 gold pieces Weapons a - a blessed +1 quarterstaff (weapon in hands) Armor e - an uncursed +0 cloak of magic resistance (being worn) Comestibles l - 4 uncursed food rations B - 3 uncursed figues W - a cursed melon Scrolls j - an uncursed scroll of light n - 2 uncursed scrolls of scare monster v - a cursed scroll of destroy armor y - 2 uncursed scrolls of destroy armor C - a blessed scroll of light Q - a cursed scroll of identify T - a blessed scroll of create monster Rings x - a cursed ring of teleportation A - an uncursed ring of polymorph control Wands b - a cursed wand of lightning (0:4) h - a wand of polymorph (0:6) w - a cursed wand of nothing (0:4) D - a wand of enlightenment (0:13) E - a wand of magic missile (0:0) L - a wand of light (0:10) V - a wand of death (0:3) Tools m - a cursed can of grease (0:18) o - an uncursed lock pick z - an uncursed bag of holding R - an uncursed tin whistle S - an uncursed lock pick Gems q - an uncursed worthless piece of white glass r - an uncursed worthless piece of orange glass t - a cursed jet H - an uncursed worthless piece of yellow glass M - an uncursed worthless piece of red glass N - an uncursed opal P - 4 uncursed jets U - an uncursed worthless piece of violet glass Y - 3 uncursed worthless pieces of green glass Contents of the bag of holding: a [cursed] plaid spellbook [of detect unseen] a [cursed] red spellbook [of charm monster] a [uncursed] spellbook of confuse monster a [cursed] spellbook of force bolt a [cursed] yellow spellbook [of haste self] a [uncursed] black potion [of gain level] an uncursed cyan potion [of see invisible] a [cursed] murky potion [of hallucination] a [uncursed] orange potion [of gain ability] an uncursed pink potion [of enlightenment] a blessed potion of gain energy 2 [cursed] potions of gain energy 2 uncursed potions of healing a [cursed] potion of healing a [blessed] potion of invisibility a [cursed] potion of oil an uncursed ruby potion [of restore ability] Spells and supernatural/magical abilities: Name Level Category Fail Memory a - force bolt 1 attack 0% 86% h - healing 1 healing 0% 86% u - confuse monster 2 enchantment 0% 91% W - pray for help -- divine ? -- Your skills at the end: Miscellaneous Skills wands [Basic] Weapon Skills quarterstaff [Basic] Spellcasting Skills attack spells [Basic] enchantment spells [Basic] Final Attributes: You were devoutly aligned. You were magic-protected. Your writing hand was ok. You saw invisible. You had infravision. You were going to confuse monsters. You were somewhat stealthy. You were protected from shape changers. You are dead. Vanquished creatures: a dwarf king 2 giant beetles a lizard a gnome king a gnome mummy a soldier ant 4 fire ants a bugbear 3 gnome lords a kitten 9 dwarves a homunculus 2 hill orcs 4 orc zombies a werejackal a hobbit an acid blob 2 large kobolds a gecko 2 hobgoblins 2 giant rats 2 cave spiders a brown mold 16 gnomes 5 jackals a fox 5 newts a grid bug 4 lichens 2 kobold zombies 79 creatures vanquished. Voluntary challenges: You followed a strict vegan diet. You did not cause conflict. You were not invisible. You did not have reflection. You were not displaced. You used a wielded weapon 15 times, starting on turn 61. You did not apply a unicorn horn. You did not use plumbed fixtures. You did not drink any magical draughts. You read items or engraved 4 times, starting on turn 28. You never genocided any monsters. You never polymorphed an object. You never changed form. You used no wishes. You never split a pudding. You wrote Elbereth's name 1 time, starting on turn 28. You never violated your personal moral code. Dungeon overview: The Dungeons of Doom: levels 1 to 5 Level 1 a fountain a long staircase Level 2 an altar to Ptah, a fountain Level 3 some fountains Level 4 some fountains stairs to The Gnomish Mines Level 5 The Gnomish Mines: levels 5 to 8 Level 5 stairs to The Dungeons of Doom Level 6 Level 7 Level 8 <- You were here a fountain History has recorded: On T:1 you entered the Dungeons of Doom to retrieve the Amulet of Yendor! On T:86 you reached level 2 of The Dungeons of Doom. On T:567 you reached level 3 of The Dungeons of Doom. On T:713 you reached level 4 of The Dungeons of Doom. On T:802 you prayed to Thoth. On T:829 you advanced to experience level 2. On T:1576 you reached level 1 of The Gnomish Mines. On T:1613 you advanced to experience level 3. On T:1700 you reached level 5 of The Dungeons of Doom. On T:1806 you prayed to Thoth. On T:1867 you advanced to experience level 4. On T:1880 you reached level 2 of The Gnomish Mines. On T:2175 you advanced to experience level 5. On T:2489 you reached level 3 of The Gnomish Mines. On T:2508 you advanced to experience level 6. On T:2874 you prayed to Thoth. On T:2940 you reached level 4 of The Gnomish Mines. Score breakdown: Gold: 1141 ( 114 points) Experience: 6 levels ( 500 points) Exploration: 8 levels ( 210 points) Discoveries: 16 items ( 800 points) Variety of kills: 30 monsters ( 1500 points) Major goal: (nothing yet) ( 0 points) Survival: died (score multiplied by 3) Total score: 9372 Latest messages: You're on fire! The fire ant bites! (2x) You're on fire! The fire ant bites! (2x) The spell misses the fire ant. The fire ant bites! (4x) The spell hits the fire ant! You kill the fire ant! Please move the cursor to an unknown object. Never mind. You kill the soldier ant! The soldier ant bites! The soldier ant stings! The spell misses the soldier ant. The soldier ant bites! The soldier ant stings! The soldier ant bites! The soldier ant stings! You die... Final status: Goodbye Fleur the Wizard, killed by a soldier ant... You died in The Gnomish Mines on dungeon level 8 with 8022 points, and 1141 pieces of gold, after 2995 moves. You were level 6 with a maximum of 43 hit points when you died.